 Dungeon Crawl Stone Soup version 0.24-a0-201-gf205589 (console) character file.

Game seed: 4647521073539426667

928 bli the Slasher (level 8, -17/61 HPs)
             Began as a Formicid Abyssal Knight on Mar 23, 2019.
             Was a Priest of Lugonu.
             Demolished by an orc warrior
             ... wielding a +0 war axe
              (18 damage)
             ... on level 4 of the Dungeon.
             The game lasted 00:18:15 (5581 turns).

bli the Slasher (Formicid Abyssal Knight)           Turns: 5581, Time: 00:18:15

Health: -17/61     AC:  6    Str: 20    XL:     8   Next: 32%
Magic:  9/9        EV: 17    Int: 13    God:    Lugonu [***...]
Gold:   270        SH:  0    Dex: 12    Spells: 7/7 levels left

rFire    . . .     SeeInvis +   a - +1 falchion
rCold    + . .     Gourm    .   (no shield)
rNeg     . . .     Faith    .   E - +2 robe {rC+}
rPois    .         Spirit   .   (helmet unavailable)
rElec    .         Reflect  .   C - +0 cloak
rCorr    .         Harm     .   H - +0 pair of gloves
MR       .....                  (no boots)
Stlth    ++........             (no amulet)
HPRegen  0.20/turn              F - +3 ring of evasion
MPRegen  0.11/turn              J - +4 ring of strength

@: no status effects
A: permanent stasis, dig shafts and tunnels, four strong arms, antennae 3
a: Dig, Shaft Self, Depart the Abyss, Bend Space, Banish, Renounce Religion


You were on level 4 of the Dungeon.
You worshipped Lugonu.
Lugonu was most pleased with you.
You were very hungry.

You visited 1 branch of the dungeon, and saw 5 of its levels.
You visited the Abyss 1 time.

You collected 270 gold pieces.

Inventory:

Hand Weapons
 a - a +1 falchion (weapon)
 b - a +0 blowgun
 w - a +0 hunting sling
Missiles
 g - 153 stones (quivered)
 h - 23 poisoned needles
 j - 66 sling bullets
 l - 23 tomahawks
 q - 3 javelins of penetration
 M - 2 throwing nets
Armour
 s - a +0 robe of positive energy
 x - a +0 leather armour
 C - a +0 cloak (worn)
 E - a +2 robe of cold resistance (worn)
 H - a +0 pair of gloves (worn)
Jewellery
 d - an uncursed ring of protection from cold
 t - an uncursed ring of wizardry
 B - an uncursed ring of positive energy
 F - a +3 ring of evasion (left hand)
 J - a +4 ring of strength (right hand)
Wands
 o - a wand of disintegration (22)
 u - a wand of paralysis (6)
 G - a wand of flame (30)
 N - a wand of enslavement (5)
Scrolls
 e - a scroll of enchant weapon {unknown}
 f - 3 scrolls of fog {unknown}
 k - 5 scrolls of identify {unknown}
 p - a scroll of magic mapping {unknown}
 r - a scroll of immolation {unknown}
 y - 5 scrolls of remove curse {unknown}
 A - a scroll of enchant armour {unknown}
 I - 2 scrolls of amnesia {unknown}
 K - a scroll of blinking {unknown}
 O - a scroll of teleportation {unknown}
Potions
 i - 2 potions of curing
 m - 2 potions of heal wounds {unknown}
 n - a potion of brilliance {unknown}
 v - a potion of cancellation {unknown}
 z - 2 potions of flight {unknown}
 D - a potion of degeneration {unknown}
Comestibles
 c - 16 rations
 L - 6 chunks of flesh


   Skills:
 + Level 4.4 Fighting
 + Level 6.9 Long Blades
 - Level 2.1 Armour
 * Level 4.4 Dodging
 + Level 2.6 Stealth
 + Level 2.1 Invocations


You had 7 spell levels left.
You didn't know any spells.
Your spell library was empty.

Dungeon Overview and Level Annotations

Branches:
Dungeon (5/15)
 Temple: D:4-7

Altars:
Dithmenos
Elyvilon
Okawaru
Ru
Sif Muna
Vehumet
Yredelemnul


Innate Abilities, Weirdness & Mutations

You cannot be hasted, slowed, berserked, paralysed or teleported.
You can dig through walls and to a lower floor.
Your four strong arms can wield two-handed weapons with a shield.
You have a pair of large antennae on your head. (SInv)


Message History

The orc warrior is severely wounded.
The orc warrior hits you with a +0 war axe!
* * * LOW HITPOINT WARNING * * *
You hit the orc warrior.
The orc warrior is almost dead.
The orc warrior barely misses you.
You riposte.
You closely miss the orc warrior.
The orc warrior is almost dead.
You hit the orc warrior.
The orc warrior is almost dead.
You closely miss the orc warrior.
The orc warrior is almost dead.
The orc warrior hits you with a +0 war axe.
* * * LOW HITPOINT WARNING * * *
You closely miss the orc warrior.
The orc warrior is almost dead.
The orc warrior completely misses you.
You hit the orc warrior but do no damage.
The orc warrior is almost dead.
The orc warrior hits you with a +0 war axe!!
You die...

#.#.# #<# ....# #.# ..#.# #.#
###.# #.# ..#.# #.# ..#.# #.#
###### #.#.# #.# #....# ..#.# #.#
#....# #.#.# #.# #..).##
#.#.#########.#######.....#######
#.#....>(((.(..o@...'............
#.#......####.###.###.....#######
#...................'............
#.................###....##.####+
################### #....##.#....
..........### ######....##.#....
..........'_####............#....
..........###....................
#############..............##....
.# ####................##.... .#
#...................##....


You could see an orc warrior.

Vanquished Creatures
  Menkaure (D:4)
  A sky beast (D:5)
  2 ogres
  Blork the orc (D:4)
  A crimson imp (D:5)
  A hound (D:5)
  An orc priest (D:5)
  2 orc wizards (D:5)
  4 worker ants
  A howler monkey zombie (D:5)
  6 gnolls
  5 adders
  An ooze (D:1)
  A worm (D:2)
  3 dart slugs
  A leopard gecko (D:3)
  10 orcs
  2 ball pythons
  4 giant cockroaches
  10 goblins
  8 hobgoblins
  13 jackals
  8 kobolds
  3 quokkas
  A ball python skeleton (D:4)
  9 bats
  9 frilled lizards
  A quokka skeleton (D:5)
  5 rats
  8 butterflies (D:1)
123 creatures vanquished.

Notes
Turn   | Place    | Note
-------+----------+-------------------------------------------
     0 | Abyss:1  | bli the Formicid Abyssal Knight began the quest for the
                  | Orb.
     0 | Abyss:1  | Reached XP level 1. HP: 18/18 MP: 2/2
    26 | Abyss:2  | Noticed a large abomination
   116 | Abyss:2  | Noticed a small abomination
   126 | D:1      | Escaped the Abyss
   196 | D:1      | Reached skill level 1 in Dodging
   279 | D:1      | Reached XP level 2. HP: 13/24 MP: 3/3
   555 | D:1      | Reached * piety under Lugonu
   658 | D:1      | Reached XP level 3. HP: 29/29 MP: 4/4
   761 | D:1      | Reached skill level 3 in Long Blades
  1501 | D:2      | Reached XP level 4. HP: 20/35 MP: 5/5
  1881 | D:2      | Reached ** piety under Lugonu
  1945 | D:3      | Reached XP level 5. HP: 29/41 MP: 6/6
  1955 | D:3      | Reached skill level 4 in Long Blades
  2172 | D:3      | Found a deep blue altar of Sif Muna.
  2357 | D:3      | Found a radiant altar of Vehumet.
  2398 | D:3      | Found a sacrificial altar of Ru.
  3665 | D:4      | Found a white marble altar of Elyvilon.
  3675 | D:4      | Reached XP level 6. HP: 44/47 MP: 7/7
  3685 | D:4      | Reached *** piety under Lugonu
  3831 | D:4      | Found a basalt altar of Yredelemnul.
  3886 | D:4      | Found an iron altar of Okawaru.
  3888 | D:4      | Noticed Blork the orc
  3905 | D:4      | Killed Blork the orc
  3905 | D:4      | Reached skill level 1 in Stealth
  4134 | D:4      | Noticed Menkaure
  4141 | D:4      | Killed Menkaure
  4141 | D:4      | Reached skill level 5 in Long Blades
  4141 | D:4      | Reached XP level 7. HP: 29/53 MP: 8/8
  4396 | D:4      | Found a shadowy altar of Dithmenos.
  4575 | D:4      | Found a deep blue altar of Sif Muna.
  4738 | D:5      | Entered Level 5 of the Dungeon
  4905 | D:5      | Reached skill level 6 in Long Blades
  4968 | D:5      | Reached XP level 8. HP: 30/61 MP: 9/9
  5579 | D:4      | HP: 1/61 [orc warrior/+0 war axe (6)]
  5581 | D:4      | Demolished by an orc warrior

Levels and vault maps discovered:
D:1:      dpeg_arrival_radiant, layout_basic, serial_aquarium,
          aquarium_bridge_straight [aquarium_subvault_bridge,
          aquarium_subvault_window, aquarium_subvault_bridge,
          aquarium_subvault_wall], aquarium_bridge_square
          [aquarium_subvault_bridge, aquarium_subvault_window,
          aquarium_subvault_window, aquarium_subvault_bridge],
          aquarium_window_fake, aquarium_window_1, aquarium_view_2c,
          aquarium_view_2b, aquarium_pool_1
D:2:      layout_basic
D:3:      layout_rooms, lemuel_doored_altar, grunt_temple_overflow_open
D:4:      minmay_wonky_spiral, layout_basic, yredelemnul_altar_generic,
          nicolae_dithmenos_through_a_glass_darkly, elyvilon_altar_5,
          okawaru_gym_becter, first_ration, lemuel_blue_sif_altar,
          uniq_menkaure, uniq_blork_the_orc
D:5:      layout_basic, guppyfry_early_orc_mine
Abyss:1:  hangedman_shadowy_showcase
Abyss:2

Skill      XL: |  1  2  3  4  5  6  7 |
---------------+----------------------+-----
Dodging        | 1 2 3 4 |  4.4
Long Blades    | 3 4 5 6 |  6.9
Stealth        | 1 2 |  2.6
Fighting       | 4 |  4.4
Armour         | |  2.1
Invocations    | |  2.1

Action                   |  1- 3 |  4- 6 |  7- 9 || total
-------------------------+-------+-------+-------++-------
Melee: Falchion          |   253 |   168 |   136 ||   557
 Fire: Blowgun           |       |     7 |    38 ||    45
Throw: Stone             |       |     4 |     1 ||     5
Invok: Depart the Abyss  |     1 |       |       ||     1
 Abil: Dig               |     6 |       |       ||     6
 Stab: Sleeping          |       |     3 |     1 ||     4
  Eat: Chunk             |     3 |     8 |     4 ||    15
Armor: Leather armour    |    31 |       |       ||    31
       Robe              |     5 |    20 |    24 ||    49
Dodge: Dodged            |    74 |   124 |   118 ||   316
       Rpst.: Falchion   |    27 |    36 |    43 ||   106

Table legend:
 A = Non-vault XP
 B = Vault XP
 C = Vault XP percentage of total XP
 D = Non-vault monster count
 E = Vault monster count
 F = Vault count percentage of total count
                 A         B        C        D         E       F
            +---------+---------+-------+---------+---------+-------
      Total |     894 |     433 |  32.6 |     109 |       6 |   5.2
            +---------+---------+-------+---------+---------+-------
        D:1 |      54 |       0 |   0.0 |      27 |       0 |   0.0
        D:2 |     112 |       0 |   0.0 |      24 |       0 |   0.0
        D:3 |     101 |       0 |   0.0 |      27 |       0 |   0.0
        D:4 |      46 |     386 |  89.4 |       7 |       3 |  30.0
        D:5 |     581 |      47 |   7.5 |      24 |       3 |  11.1
            +---------+---------+-------+---------+---------+-------
